Selects Air and Sea Battlegroup
Selects Commando Section Paradrop
Selects Commando Support Section Paradrop
Selects Anti-tank Rocket Loiter
Construct Section Command Post
Commando Support Section Paradrop
Commando Section Paradrop
Construct Platoon Command Post
Construct Company Command Post
Commando Section Paradrop
Construct Field Infirmary
Selects Naval Bombardment
Unlock M3 Grant Medium Tanks
Commando Section Paradrop
Unlock Towed 17-pounder Anti-tank Guns
Unlock Bishop Self-propelled Artillery